 Dungeon Crawl Stone Soup version 0.30-a0-50-gb2d611f6b1 (webtiles) character file.

Game seed: 16907523203135920063

92443 riojii the Warrior (level 16, -1/157 HPs)
             Began as a Ghoul Fighter on Sept 4, 2022.
             Was the Champion of Makhleb.
             Slain by a redback (4 damage)
             ... on level 2 of the Spider Nest.
             The game lasted 00:49:40 (27410 turns).

riojii the Warrior (Ghoul Fighter)                 Turns: 27410, Time: 00:49:40

Health: -1/157     AC: 30    Str: 34    XL:     16   Next: 6%
Magic:  15/15      EV:  9    Int:  3    God:    Makhleb [******]
Gold:   2397       SH: 12    Dex:  8    Spells: 15/15 levels left

rFire   . . .      SeeInvis +      - Unarmed
rCold   + . .      Faith    .    p - +2 kite shield
rNeg    + + +      Spirit   .    V - +2 crystal plate armour
rPois   ∞          Reflect  .    h - +2 helmet
rElec   .          Harm     .    X - +2 cloak {Stlth+}
rCorr   +          Rampage  .    (no gloves)
Will    +....                    (no boots)
Stlth   ..........               G - amulet of the acrobat
HPRegen 0.00/turn                f - +6 ring of strength
MPRegen 0.14/turn                a - ring "Viramoso" {rCorr EV+4 SInv Stlth-}

@: inhibited regen, invisible
A: claws 1, cold resistance 1, negative energy resistance 3, inhibited
regeneration, torment resistance 2, devour on kill
a: Renounce Religion, Minor Destruction, Lesser Servant of Makhleb, Major
Destruction, Greater Servant of Makhleb


You were on level 2 of the Spider Nest.
You worshipped Makhleb.
Makhleb was exalted by your worship.
You visited 5 branches of the dungeon, and saw 25 of its levels.
You also visited: Sewer.

You collected 2397 gold pieces.

Inventory:

Armour
 h - a +2 helmet (worn)
 p - a +2 kite shield (worn)
 S - a +2 plate armour of fire resistance
 V - a +2 crystal plate armour (worn)
 X - a +2 cloak of stealth (worn)
Jewellery
 a - the ring "Viramoso" (right claw) {rCorr EV+4 SInv Stlth-}
   (You acquired it on level 6 of the Dungeon)

   [ring of evasion]

   EV:        It affects your evasion (+4).
   SInv:      It lets you see invisible.
   rCorr:     It protects you from acid and corrosion.
   Stlth:     It makes you less stealthy.
 f - a +6 ring of strength (left claw)
 g - a +4 ring of protection
 q - a ring of wizardry
 A - a ring of ice
 D - a ring of protection from cold
 F - a ring of flight
 G - an amulet of the acrobat (around neck)
 I - a +6 ring of strength
 O - a +4 ring of evasion
 Q - an amulet of regeneration
 T - a +6 ring of intelligence
 W - a +4 ring of protection
Wands
 r - a wand of mindburst (19)
 s - a wand of flame (19)
 y - a wand of quicksilver (18)
 C - a wand of iceblast (11)
 K - a wand of paralysis (20)
 U - a wand of polymorph (7)
Scrolls
 j - a scroll of butterflies
 o - 8 scrolls of teleportation
 t - 2 scrolls of summoning
 u - 10 scrolls of identify
 w - a scroll of enchant weapon
 E - 4 scrolls of magic mapping
 H - a scroll of silence
 J - 3 scrolls of poison
 L - 3 scrolls of blinking
 P - 3 scrolls of immolation
 R - a scroll of amnesia
Potions
 b - 5 potions of lignification
 c - 2 potions of might
 d - 4 potions of attraction
 i - 3 potions of magic
 k - 4 potions of ambrosia
 m - 4 potions of haste
 n - 4 potions of flight
 v - 8 potions of mutation
 x - 6 potions of curing
 z - 2 potions of cancellation
 B - 3 potions of resistance
 M - 2 potions of brilliance
 N - 4 potions of heal wounds


   Skills:
 * Level 18.0 Fighting
 + Level 11.1 Armour
 + Level 11.2 Shields
 * Level 18.0 Unarmed Combat


You had 15 spell levels left.
You didn't know any spells.
Your spell library contained the following spells:

 Spells                   Type           Power      Damage    Failure   Level
 Apportation              Tloc           0%         N/A       100%        1
 Shock                    Conj/Air       0%         1d3       100%        1
 Sting                    Tmut/Pois      0%         1d3       100%        1
 Ensorcelled Hibernation  Hex/Ice        0%         N/A       100%        2
 Passwall                 Tmut/Erth      0%         N/A       100%        2
 Poisonous Vapours        Pois/Air       0%         N/A       100%        2
 Static Discharge         Conj/Air       0%         3-3/arc   100%        2
 Call Canine Familiar     Summ           0%         N/A       100%        3
 Dazzling Flash           Conj/Hex       0%         N/A       100%        3
 Ozocubu's Armour         Ice            0%         N/A       100%        3
 Portal Projectile        Hex/Tloc       0%         N/A       100%        3
 Swiftness                Air            0%         N/A       100%        3
 Tukima's Dance           Hex            0%         N/A       100%        3
 Airstrike                Air            0%         2d(0-16)  100%        4
 Cause Fear               Hex            0%         N/A       100%        4
 Iskenderun's Mystic Bla  Conj/Tloc      0%         2d3       100%        4
 Leda's Liquefaction      Hex/Erth       0%         N/A       100%        4
 Olgreb's Toxic Radiance  Pois           0%         N/A       100%        4
 Passage of Golubria      Tloc           0%         N/A       100%        4
 Alistair's Intoxication  Tmut/Pois      0%         N/A       100%        5
 Lee's Rapid Deconstruct  Erth           0%         3d5*      100%        5
 Lightning Bolt           Conj/Air       0%         1d11      100%        5
 Silence                  Hex/Air        0%         N/A       100%        5
 Starburst                Conj/Fire      0%         6d3       100%        6
 Ozocubu's Refrigeration  Ice            0%         4d7       100%        7
 Summon Hydra             Summ           0%         N/A       100%        7
 Lehudib's Crystal Spear  Conj/Erth      0%         10d2      100%        8
 Maxwell's Capacitive Co  Air            0%         ∞         100%        8
 Dragon's Call            Summ           0%         N/A       100%        9
 Sublimation of Blood     Necr           Unusable   N/A       N/A         2
 Wereblood                Tmut           Unusable   N/A       N/A         2
 Blade Hands              Tmut           Unusable   N/A       N/A         5
 Statue Form              Tmut/Erth      Unusable   N/A       N/A         6
 Dragon Form              Tmut           Unusable   N/A       N/A         7

Dungeon Overview and Level Annotations

Branches:
Dungeon (15/15)            Temple (1/1) D:6            Lair (5/5) D:11
 Shoals (0/4) Lair:2       Spider (2/4) Lair:2        Slime (0/5) Lair:4
    Orc (2/2) D:10            Elf (0/3) Orc:2        Vaults (0/5) D:14
 Depths (0/4) D:15          Sewer (visited)

Altars:
Ashenzari
Cheibriados
Dithmenos
Fedhas
Gozag
Hepliaklqana
Kikubaaqudgha
Makhleb
Nemelex Xobeh
Okawaru
Qazlal
Ru
Sif Muna
Trog
Uskayaw
Vehumet
Wu Jian
Xom
Yredelemnul
Jiyva

Shops:
D:5 (   D:8 !   Orc:2 ?**[

Annotations:
D:4 3 runed translucent doors, sirJeffrey23's ghost, amateur DrGl


Innate Abilities, Weirdness & Mutations

You are immune to poison.
You have sharp fingernails.
Your flesh is cold resistant. (rC+)
You are immune to negative energy. (rN+++)
You do not regenerate when monsters are visible.
You are immune to unholy pain and torment.
You thrive by killing the living.


Message History

* * * LOW HITPOINT WARNING * * *
A tarantella comes into view.
You barely miss the meliai.
The tarantella's many legs skitter faintly.
You block the meliai's attack. x2; The meliai barely misses you.
The meliai stings you.
* * * LOW HITPOINT WARNING * * *
The redback barely misses you.
A redback comes into view.
The redback barely misses you. You block the culicivora's attack. x2
The meliai hits you but does no damage.
The meliai stings you but does no damage.
You block the meliai's attack. The meliai closely misses you.
The redback bites you but does no damage.
You strike the helpless meliai from behind!
You eviscerate the meliai!!!
You kill the meliai!
Makhleb accepts your kill.
You feel better.
The tarantella's many legs skitter faintly.
You block the redback's attack. The culicivora bites you!
* * * LOW HITPOINT WARNING * * *
You block the meliai's attack. The meliai stings you!
* * * LOW HITPOINT WARNING * * *
The culicivora bites you!
* * * LOW HITPOINT WARNING * * *
The redback misses you. The redback bites you!
* * * LOW HITPOINT WARNING * * *
The meliai barely misses you.
The meliai stings you but does no damage.
The culicivora bites you but does no damage.
The air fills with toxic fumes!
As you read the scroll of poison, it crumbles to dust.
The tarantella's many legs skitter faintly.
The culicivora bites you!
* * * LOW HITPOINT WARNING * * *
You block the meliai's attack. x2
The redback bites you but does no damage.
The redback bites you.
You die...

#.### .. #§#§###
§§§§§ #§§§§§##
§§§§§
#§§§§§§##§§§§§
#§§§§§§§§§§§§§
##§§§§§§§§§§ss§
#§§§§§§§§§§§§s§
#§§§§§§sy§§§§§§
#§§§§§§@s§§§§§§
#§§§§§§ss§§§§##
#§§§§§§§§§§§§§#
#§§§§§§§§§§§§§#
#.§§§§§§§§§§§§##
#.§§§§§§§§§§§§§#
.§§§§§§§§§§§§§§#
§§§§§§§§§§§#§§§


You could see 2 culicivoras, a tarantella (wandering, unable to see you), 4
redbacks and a meliai (unable to see you).

Vanquished Creatures
  A broodmother (Spider:2)
  Nessos (Lair:3)
  A spark wasp (Spider:1)
  An ettin (D:15)
  A yaktaur captain (D:12)
  Josephine (Lair:3)
  The ghost of drugrobin the Slicer, a journeyman DgDe (Lair:1)
  4 hydras
  3 catoblepae
  6 boulder beetles
  A two-headed ogre (D:9)
  2 dancing weapons (D:14)
  3 tengu warriors
  Nergalle (Lair:2)
  4 skeletal warriors (D:12)
  A deep troll (D:14)
  An orb spider (Spider:1)
  A wizard (D:15)
  2 lindwurms (Lair:2)
  A necromancer (D:15)
  A deep elf pyromancer (D:15)
  3 orc knights
  2 orc sorcerers
  3 wolf spiders (Spider:1)
  9 ugly things
  4 manticores
  A moth of wrath (Spider:1)
  4 cyclopes
  Maurice (Orc:1)
  2 black mambas (Lair:5)
  12 elephants
  2 gargoyles
  19 cane toads
  2 torpor snails
  2 kobold demonologists (D:10)
  Psyche (D:11)
  3 demonic crawlers
  8 rime drakes
  7 komodo dragons
  3 yaktaurs
  An unseen horror (D:11)
  An efreet (D:14)
  3 tengu conjurers
  2 freezing wraiths
  Grinder (D:6)
  9 meliai
  2 hornets
  6 trolls
  A hornet (shapeshifter) (D:14)
  3 polar bears
  5 tarantellas
  4 tyrant leeches (Lair:5)
  3 slime creatures (D:14)
  26 blink frogs
  5 culicivoras (Spider:1)
  3 jumping spiders (Spider:1)
  A water elemental (D:11)
  3 vampires
  54 yaks
  6 wraiths
  2 wyverns
  6 basilisks
  Grum (D:9)
  7 redbacks (Spider:1)
  3 wargs
  Menkaure (D:6)
  5 vampire mosquitoes (Lair:5)
  8 water moccasins
  An acid dragon (D:8)
  38 orc warriors
  2 sky beasts
  A black bear (shapeshifter) (D:14)
  5 black bears
  21 centaurs
  18 wolves
  5 ogres
  4 kobold brigands (D:10)
  Blork the orc (D:6)
  3 necrophages
  20 bullfrogs
  5 gnoll sergeants
  5 scorpions
  13 wights
  21 killer bees
  4 electric eels
  6 howler monkeys
  A wyvern simulacrum (Lair:1)
  8 hounds
  Crazy Yiuf (D:5)
  2 gnoll boudas
  17 orc priests
  A water moccasin simulacrum (Lair:1)
  2 jellies
  Natasha (thrice) (D:3)
  4 iguanas
  21 orc wizards
  2 bullfrog simulacra (Lair:1)
  A basilisk simulacrum (Lair:1)
  Robin (D:3)
  6 adders
  28 gnolls
  A shadow imp (D:8)
  12 white imps (D:13)
  An ufetubus (D:6)
  11 dart slugs
  64 orcs
  5 endoplasms
  17 goblins
  9 hobgoblins
  10 jackals
  12 kobolds
  6 ball pythons
  A bat (D:2)
  2 frilled lizards
  6 rats
726 creatures vanquished.

Vanquished Creatures (others)
  2 orcs (D:15)
  A bush (Lair:4)
  21 fungi
  97 plants
121 creatures vanquished.

Grand Total: 847 creatures vanquished

Notes
Turn   | Place    | Note
-------+----------+-------------------------------------------
     0 | D:1      | riojii the Ghoul Fighter began the quest for the Orb.
     0 | D:1      | Reached XP level 1. HP: 19/19 MP: 0/0
   402 | D:1      | Found a faded altar of an unknown god.
   484 | D:1      | Reached XP level 2. HP: 25/26 MP: 1/1
   637 | D:2      | You fall into a shaft and drop 2 floors!
   717 | D:4      | Found a bloodstained altar of Trog.
  1012 | D:4      | Reached XP level 3. HP: 33/33 MP: 2/2
  1574 | D:2      | Reached XP level 4. HP: 40/40 MP: 3/3
  2115 | D:3      | Noticed Robin
  2149 | D:3      | Killed Robin
  2231 | D:3      | Noticed Natasha
  2240 | D:3      | Killed Natasha
  2241 | D:3      | Reached XP level 5. HP: 28/47 MP: 4/4
  2278 | D:3      | Noticed Natasha
  2290 | D:3      | Killed Natasha
  2686 | D:3      | Found a shimmering blue altar of Sif Muna.
  2809 | D:3      | Found a basalt altar of Yredelemnul.
  2986 | D:3      | Noticed Natasha
  3000 | D:3      | Killed Natasha
  3139 | D:4      | Reached XP level 6. HP: 55/55 MP: 5/5
  3161 | D:4      | Found a runed translucent gate.
  3161 | D:4      | Found a runed translucent gate.
  3161 | D:4      | Found a runed translucent gate.
  3161 | D:4      | Noticed sirJeffrey23's ghost (amateur DrGl)
  3750 | D:5      | Entered Level 5 of the Dungeon
  3779 | D:5      | Reached skill level 5 in Fighting
  3973 | D:5      | Found a blossoming altar of Fedhas.
  3992 | D:5      | Identified the +3 quarterstaff of Dried Tears {speed, rPois
                  | rF- Will+}
  4243 | D:5      | Found a glowing drain.
  4271 | Sewer    | Entered a sewer
  4320 | Sewer    | Noticed a water moccasin
  4332 | Sewer    | Killed a water moccasin
  4333 | Sewer    | Reached skill level 5 in Unarmed Combat
  4333 | Sewer    | Reached XP level 7. HP: 52/61 MP: 6/6
  4499 | D:5      | Found an iron altar of Okawaru.
  4622 | D:5      | Found a runed translucent door.
  4623 | D:5      | Noticed Crazy Yiuf
  4809 | D:5      | Found Pemnir's Antique Weapon Emporium.
  5108 | D:5      | Killed Crazy Yiuf
  5109 | D:5      | Reached XP level 8. HP: 59/71 MP: 7/7
  5191 | D:6      | Noticed Grinder
  5210 | D:6      | Paralysed by Grinder for 2 turns
  5213 | D:6      | Killed Grinder
  5427 | D:6      | Found a burning altar of Makhleb.
  5430 | D:6      | Noticed a cacodemon
  5433 | D:6      | Noticed an angel
  5673 | D:6      | Noticed Menkaure
  5684 | D:6      | Killed Menkaure
  5824 | D:6      | Noticed Blork the orc
  5851 | D:6      | Killed Blork the orc
  6291 | D:6      | Identified a scroll of acquirement
  6291 | D:6      | Acquired the ring "Viramoso" {rCorr EV+4 SInv Stlth-}
  6423 | D:6      | Reached XP level 9. HP: 59/80 MP: 8/8
  6435 | D:6      | Reached skill level 5 in Shields
  6526 | D:6      | Found a staircase to the Ecumenical Temple.
  6531 | Temple   | Entered the Ecumenical Temple
  6677 | D:6      | Became a worshipper of Makhleb the Destroyer
  6759 | D:6      | Reached skill level 5 in Armour
  7207 | D:6      | Found an ornate altar of the Wu Jian Council.
  7545 | D:7      | Reached * piety under Makhleb
  7840 | D:8      | Found a shadowy altar of Dithmenos.
  7843 | D:8      | Found a hazy altar of Hepliaklqana.
  7862 | D:8      | Noticed a cyclops
  7863 | D:8      | Noticed a hornet
  7877 | D:8      | Killed a hornet
  7884 | D:8      | Killed a cyclops
  7885 | D:8      | Reached XP level 10. HP: 42/91 MP: 9/9
  8121 | D:8      | Reached ** piety under Makhleb
  8139 | D:8      | Reached skill level 10 in Fighting
  8251 | D:8      | Reached skill level 10 in Unarmed Combat
  9021 | D:8      | Found Xirchy's Distillery.
  9161 | D:8      | Found a stormy altar of Qazlal.
  9347 | D:8      | Reached XP level 11. HP: 96/101 MP: 10/10
  9863 | D:9      | Noticed Grum
  9864 | D:9      | Reached *** piety under Makhleb
  9985 | D:9      | Killed Grum
 10249 | D:9      | Noticed a two-headed ogre
 10261 | D:9      | Killed a two-headed ogre
 10887 | D:10     | Entered Level 10 of the Dungeon
 10910 | D:10     | Reached **** piety under Makhleb
 11077 | D:10     | Found a staircase to the Orcish Mines.
 11497 | D:10     | Found an opulent altar of Gozag.
 11609 | D:10     | Found a broken altar of Ashenzari.
 12346 | D:11     | Identified the +7 ring mail of Ciukeofent {Str+2}
 12588 | D:11     | Reached XP level 12. HP: 113/113 MP: 11/11
 12962 | D:11     | Found a staircase to the Lair.
 13069 | D:11     | Noticed Psyche
 13077 | D:11     | Killed Psyche
 13344 | D:11     | Noticed a boulder beetle
 13391 | D:11     | Killed a boulder beetle
 13790 | Lair:1   | Entered Level 1 of the Lair of Beasts
 13890 | Lair:1   | Reached ***** piety under Makhleb
 13962 | Lair:1   | Found a runed translucent gate.
 13962 | Lair:1   | Found a runed translucent gate.
 13962 | Lair:1   | Found a runed translucent gate.
 14295 | Lair:1   | Noticed a five-headed hydra
 14305 | Lair:1   | Killed a five-headed hydra
 14610 | Lair:1   | Noticed drugrobin's ghost (journeyman DgDe)
 14880 | Lair:1   | Killed drugrobin's ghost
 15266 | Lair:2   | Reached XP level 13. HP: 66/123 MP: 12/12
 15465 | Lair:2   | Found a hole to the Spider Nest.
 15643 | Lair:2   | Found a staircase to the Shoals.
 15738 | Lair:2   | Identified the +7 shortbow of Ninuhyus {freeze, SInv}
 16850 | Lair:3   | Noticed Nergalle
 16893 | Lair:2   | Killed Nergalle
 17536 | Lair:3   | Noticed Nessos
 17554 | Lair:3   | Killed Nessos
 17878 | Lair:3   | Noticed Josephine
 17885 | Lair:3   | Killed Josephine
 18182 | Lair:4   | Reached skill level 15 in Fighting
 18333 | Lair:3   | Reached skill level 15 in Unarmed Combat
 18440 | Lair:4   | Identified the +0 morningstar of Parts Unknown {speed, MP+9
                  | Dex-3 Stlth+}
 18484 | Lair:4   | Reached XP level 14. HP: 135/135 MP: 13/13
 18747 | Lair:3   | Reached ****** piety under Makhleb
 19169 | Lair:4   | Found a staircase to the Slime Pits.
 19169 | Lair:4   | Found a viscous altar of Jiyva.
 19277 | Lair:4   | Identified the +0 arbalest of Slime {vorpal, rElec}
 19460 | Lair:5   | Entered Level 5 of the Lair of Beasts
 19795 | Lair:5   | Reached skill level 10 in Shields
 19898 | Lair:5   | Reached skill level 10 in Armour
 20007 | Lair:5   | Identified the +7 battleaxe of the Leaping Gods {holy, rC+
                  | Str+2}
 22041 | D:13     | Reached XP level 15. HP: 129/145 MP: 14/14
 22311 | D:13     | Found a frozen archway.
 23859 | D:14     | Found a gate to the Vaults.
 23870 | D:14     | Identified the +1 scale mail "Dulogaza" {rN++ Will- rCorr
                  | Stlth+}
 24313 | D:15     | Entered Level 15 of the Dungeon
 24614 | D:15     | Found a staircase to the Depths.
 25489 | Orc:1    | Entered Level 1 of the Orcish Mines
 25546 | Orc:1    | Noticed Maurice
 25553 | Orc:1    | Paralysed by Maurice for 4 turns
 25562 | Orc:1    | Paralysed by Maurice for 3 turns
 25570 | Orc:1    | Killed Maurice
 25985 | Orc:2    | Entered Level 2 of the Orcish Mines
 25991 | Orc:2    | Found a staircase to the Elven Halls.
 26426 | Orc:2    | Found Zuotam's General Store.
 26426 | Orc:2    | Found Bifyrogo's General Store.
 26428 | Orc:2    | Found Qibip's Armour Emporium.
 26430 | Orc:2    | Found Hogeim's Magic Scroll Boutique.
 26678 | Spider:1 | Entered Level 1 of the Spider Nest
 26785 | Spider:1 | HP: 4/149 [wolf spider (6)]
 27181 | Spider:1 | Reached XP level 16. HP: 151/157 MP: 15/15
 27410 | Spider:2 | HP: 3/157 [culicivora[a broodmother] (10)]
 27410 | Spider:2 | Slain by a redback

Illustrated notes

Levels and vault maps discovered:
D:1:      psy_arrival_fountain, layout_basic, ebering_ecumenical_altar_petrified
D:2:      layout_basic, minmay_randomly_rotated_circles
D:3:      layout_rooms, mainiacjoe_overflow_six_doors_small, old_standard_altar,
          kennysheep_decorative_pillar, uniq_robin, uniq_natasha
D:4:      kennysheep_slugbush, layout_rooms, trog_hazing_becter,
          ebering_ghost_rock_garden
D:5:      layout_loops_ring, mainiacjoe_overflow_brackets,
          general_overflow_altar, serial_shops, nicolae_shop_window_shopping,
          portal_sewer_entry_d, uniq_crazy_yiuf_cottage
D:6:      layout_loops_ring, grunt_temple_overflow_order_and_chaos_2,
          nzn_wu_jian_contemplation, minmay_temple_entry_nine_rooms,
          nrook_pool_corridor, uniq_grinder, uniq_blork_the_orc, uniq_menkaure
D:7:      layout_rooms
D:8:      layout_basic, riverfiend_overflow_shadow_ancestor,
          grunt_qazlal_sundering, serial_shops, nicolae_shop_hallway_plus,
          grunt_potential
D:9:      nicolae_BIG_FREAKIN_CUBE, layout_cross, serial_gnoll_camp,
          gnoll_camp_huts_basic, gnoll_camp_medium_02, gnoll_camp_mini_hut,
          gnoll_camp_mini_hut, uniq_grum
D:10:     layout_roguey, kennysheep_little_box, kennysheep_mini,
          david_orc_1_choice
D:11:     layout_basic, grunt_lair_entry_orc_guard_hut, serial_bayou_lagoon_b,
          uniq_psyche
D:12:     layout_cave_pools, kennysheep_just_a_vault
D:13:     layout_layer_cave, portal_ice_cave_entry_imps, gauntlet_entry_generic
D:14:     layout_loops_ring, erik_vaults_1, nicolae_triple_integral
D:15:     hangedman_depths_entry_civil_slaughter, layout_long_grid,
          reono_crystal_passage, lemuel_nasty_fountain
Temple:   nicolae_temple_ecumenical_triangle
Lair:1:   layout_roguey, gammafunk_ghost_icy, serial_bayou_shore_a,
          grunt_megastairs_3
Lair:2:   layout_regular_city, shoals_dummy_entry,
          hellmonk_spider_entry_not_the_bees, nicolae_lair_lindhole
Lair:3:   layout_hall_layers, uniq_josephine, uniq_nessos, uniq_nergalle
Lair:4:   layout_hall_layers, slime_entry_1, lemuel_old_faithful
Lair:5:   minmay_lair_end_frog_pond, layout_small_grid
Spider:1: layout_spider_delve
Spider:2: layout_cave_pods, special_room [special_room_bee], uniq_roxanne
Orc:1:    layout_diamond_mine, basic_altar, nicolae_orc_lava_room, uniq_maurice
Orc:2:    st_orc_rangers, layout_caves

Skill      XL: |  1  2  3  4  5  6  7  8  9 10 11 12 13 14 15 16 |
---------------+-------------------------------------------------+-----
Shields        | 3 4 5 6 7 8 9 10 11 | 11.2
Unarmed Combat | 3 4 5 6 7 9 10 12 13 15 16 17 18 | 18.0
Fighting       | 4 5 6 7 9 10 12 13 15 16 17 18 | 18.0
Armour         | 3 4 5 6 7 8 9 10 11 | 11.1

Action                   |  1- 3 |  4- 6 |  7- 9 | 10-12 | 13-15 | 16-18 || total
-------------------------+-------+-------+-------+-------+-------+-------++-------
Melee: Unarmed           |   129 |   257 |   262 |   851 |  1242 |    37 ||  2778
  Use: Scroll            |     1 |    12 |     5 |    15 |     7 |     2 ||    42
       Potion            |       |     1 |     2 |     7 |     4 |     1 ||    15
 Stab: Confused          |       |       |     3 |       |       |       ||     3
       Invisible         |       |       |       |       |     3 |     1 ||     4
       Petrified         |       |       |       |       |     1 |       ||     1
Armor: Scale mail        |    53 |   105 |    34 |       |       |       ||   192
       Chain mail        |       |       |    39 |    34 |       |       ||    73
       Plate armour      |       |       |       |   264 |   268 |       ||   532
       Ring mail         |       |       |       |    23 |       |       ||    23
       Crystal plate arm |       |       |       |       |   396 |    54 ||   450
Dodge: Dodged            |    46 |    82 |   113 |   392 |   582 |    38 ||  1253
Block: Buckler           |    26 |     7 |       |       |       |       ||    33
       Kite shield       |       |    67 |   136 |   504 |   800 |    49 ||  1556

Table legend: (Time is in decaauts)
 A = Elapsed time spent in this place.
 B = Non-inter-level travel time spent in this place.
 C = Inter-level travel time spent in this place.
 D = Time resting spent in this place.
 E = Time spent auto-exploring this place.
 F = Levels seen in this place.
 G = Mean time per level.
                   A        B        C        D        E       F      G
               +--------+--------+--------+--------+--------+-----+--------+
         Total |  27350 |  26218 |   1132 |   1806 |  19069 |  26 | 1051.9 |
       Dungeon |  18192 |  17388 |    804 |   1420 |  12688 |  15 | 1212.8 |
        Temple |     43 |     35 |      8 |      0 |     34 |   1 |   43.0 |
          Lair |   7177 |   6926 |    251 |    386 |   5080 |   5 | 1435.4 |
   Spider Nest |    709 |    703 |      6 |      0 |    534 |   2 |  354.5 |
  Orcish Mines |   1060 |   1000 |     60 |      0 |    607 |   2 |  530.0 |
         Sewer |    168 |    168 |      0 |      0 |    126 |   1 |  168.0 |
               +--------+--------+--------+--------+--------+-----+--------+

Top non-repeatable levels by time:
     D:6: 2152 daAuts
     D:8: 1962 daAuts
  Lair:2: 1768 daAuts
    D:11: 1693 daAuts
  Lair:3: 1677 daAuts
  Lair:5: 1457 daAuts
  Lair:1: 1416 daAuts
    D:14: 1365 daAuts
    D:10: 1340 daAuts
     D:5: 1289 daAuts
     D:4: 1140 daAuts
     D:9: 1122 daAuts
    D:13: 1103 daAuts
     D:3: 1078 daAuts
    D:12: 1056 daAuts
